[Event "57th Biel Festival MTO 2024"]
[White "Nurgaliyeva,Zarina"]
[Black "Materia,Marco"]
[Site "Biel"]
[Round "1.22"]
[Annotator "TA"]
[Result "0-1"]
[Date "2024.07.15"]
[WhiteElo "2145"]
[BlackElo "2453"]
[PlyCount "80"]
[TimeControl "60"]

1. e4 c5 2. Nf3 e6 3. c3 d5 4. exd5 Qxd5 5. d4 Nf6 6. Na3 a6 7. Nc4 Nbd7 8. a4 cxd4 9. Qxd4 Bc5 10. Qxd5 {[%emt 0:0:47] The position is equal.} (10. Qh4 {feels hotter.} O-O 11. Be2 b5 12. Ne3 )Nxd5 11. Be2 O-O 12. O-O b6 13. Nfe5 Ra7 14. Bf3 a5 15. Rd1 N7f6 (15... Ba6 $11 {keeps the balance.} )16. g4 (16. Na3 $16 )Ba6 17. Na3 {[%emt 0:16:26] And now Nb5 would win.} Nd7 18. Nc6 (18. Bf4 $11 )Rc7 $15 19. Bxd5 exd5 20. Nd4 Ne5 $1 {[%emt 0:3:12][%cal Oc5d4] Threatens to win with ...Bxd4!} 21. Bf4 Re7 22. Bxe5 Rxe5 23. Nac2 h5 {[%emt 0:7:34] Black is more active.} 24. h3 hxg4 25. hxg4 Be2 26. Re1 Rfe8 $1 ({Of course not} 26... Bxd4 $6 27. Nxd4 Rfe8 28. f3 $14 )27. b4 {[%emt 0:3:26] [#] Hoping for Nxe2.} Bxd4 28. Nxd4 Bxg4 29. Rxe5 Rxe5 30. bxa5 bxa5 {[%emt 0:0:1][%mdl 4096] Endgame. KRB-KRN} 31. Nc6 Rh5 {[%emt 0:5:29] [#] ( -> ...Bf3)} 32. f4 (32. Kg2 $15 )Rh3 33. Ra3 Kh7 34. Nxa5 {[%emt 0:0:37] This move loses the game for White.} (34. Nd4 $17 )d4 $19 35. Ra1 $2 (35. Nc6 dxc3 (35... Rxc3 $2 36. Rxc3 dxc3 37. Nb4 $19 )36. Nb4 )Rxc3 36. Kf2 Rf3+ 37. Kg2 (37. Ke1 $142 )d3 38. Nc6 $2 (38. Nb3 )d2 {[%emt 0:0:32] Black is clearly winning.} 39. Ne5 Rxf4 40. Kg3 Rd4 {[%emt 0:0:24] Weighted Error Value: White=0.55/Black=0.11 (very precise) .  Mistake:       	White=7     	Black=1      Inaccurate:     	White=1     	Black=2      OK:         	White=8     	Black=9      Best:        	White=2     	Black=5      Strong:       	---       	Black=2} 0-1

[Event "57th Biel Festival MTO 2024"]
[White "Xue,Haowen"]
[Black "Arsenie,Cristian Marc"]
[Site "Biel"]
[Round "1.23"]
[Annotator "TA"]
[Result "1-0"]
[Date "2024.07.15"]
[WhiteElo "2452"]
[BlackElo "2121"]
[PlyCount "75"]
[TimeControl "60"]

1. c4 Nf6 2. Nf3 e6 3. g3 d5 4. Bg2 d4 5. O-O Nc6 6. d3 Bc5 7. Nbd2 a5 8. Nb3 {[%emt 0:0:58] Verhindert e5} Be7 {[%emt 0:0:17] Weiß steht etwas besser.} 9. e3 dxe3 10. Bxe3 Ng4 11. Bc5 O-O 12. d4 a4 13. Bxe7 Qxe7 14. Nc5 a3 {[%emt 0:0:8] [#]} 15. b4 $1 Nxb4 16. Rb1 b6 17. Rxb4 bxc5 18. Rb5 Ba6 (18... cxd4 $2 19. Nxd4 Nxf2 20. Rxf2 $18 (20. Nc6 Qe8 $18 ))19. Rxc5 {[%emt 0:0:30] Nd2 wäre nun fies.} Bb7 20. Qb1 Rab8 {[%emt 0:19:30] [#] Weiß verwandelt nun seinen Vorteil.} (20... Bxf3 $1 $14 21. Bxf3 Rab8 )21. Rb5 $1 $18 (21. Ng5 f5 22. Rb5 (22. Bxb7 Qxg5 23. h3 Nxf2 $11 )Bxg2 23. Rxb8 Bxf1 24. Rxf8+ Qxf8 )c6 22. Rb3 $40 {[%emt 0:1:46][%mdl 128] Schwarz ist in Schwierigkeiten.} Rfd8 23. c5 Qc7 24. Qd3 {[%emt 0:6:17] Gegen Ba6 gerichtet.} (24. Rxa3 Ba6 25. Rxa6 Rxb1 26. Rxb1 e5 $16 )Nh6 25. Rfb1 (25. Rxa3 Nf5 26. Rb1 Bc8 27. Rxb8 Qxb8 )Nf5 26. Rb6 {[%emt 0:1:41][%cal Od3b3] Droht stark Qb3!} ({Finger weg von} 26. Rxa3 Bc8 27. Rxb8 Qxb8 )Ba8 27. Qxa3 Rxb6 (27... Rbc8 $142 28. Ra6 Rf8 )28. cxb6 Qb7 29. h4 g6 30. Ne5 {[%emt 0:2:8] Weiß steht klar auf Gewinn.} Nxd4 31. Qc5 f6 32. Nc4 Qd7 33. Na5 {[%emt 0:6:6] Und jetzt b7 wäre schön.} Bb7 (33... Rb8 $142 34. a4 e5 )34. a4 e5 35. Nxb7 Qxb7 36. a5 Qa6 37. b7 Rb8 38. Qb6 {[%emt 0:1:53] Gewichteter Fehlerwert: Weiß=0.04 (makellos) /Schwarz=0.22 (präzise) .  Fehler:       	---       	Schwarz=3     Ungenau:       	---       	Schwarz=1     OK:         	Weiß=20    	Schwarz=12    Bester:       	Weiß=1     	Schwarz=2     Stark:        	Weiß=1     	---} 1-0

[Event "57th Biel Festival MTO 2024"]
[White "Harish,Neeraj"]
[Black "Holzke,Frank"]
[Site "Biel"]
[Round "1.24"]
[Annotator "TA"]
[Result "0-1"]
[Date "2024.07.15"]
[WhiteElo "2123"]
[BlackElo "2450"]
[PlyCount "96"]
[TimeControl "60"]

1. e4 e6 2. d4 a6 3. Nf3 d5 4. e5 c5 5. c3 Bd7 6. Be2 Bb5 (6... Nc6 $11 )7. O-O (7. Bxb5+ $16 axb5 8. dxc5 )Bxe2 8. Qxe2 Nc6 {[%emt 0:0:30] The position is equal.} 9. h4 cxd4 10. cxd4 Nge7 11. h5 Nf5 12. Rd1 Rc8 {[%emt 0:1:40][%cal Oc6d4] Threatens to win with ...Ncxd4!} 13. Nc3 h6 14. Be3 Bb4 15. Rac1 O-O 16. Ne1 (16. Bf4 $11 {remains equal.} )f6 $1 $17 17. Nd3 {[%emt 0:7:8] [#]} Ncxd4 ({Black should play} 17... fxe5 $1 18. dxe5 Qh4 )18. Bxd4 Nxd4 19. Qg4 (19. Qe3 $17 {is a better defense.} Bxc3 20. Rxc3 )Bxc3 $2 ({Better is} 19... Rc4 $19 {...fxe5 would now be deadly.} 20. exf6 (20. Nxb4 fxe5 21. Rxd4 exd4 $17 )Qxf6 )20. bxc3 $11 Nf5 {[%emt 0:0:33] aiming for ...b5.} 21. c4 fxe5 22. Nxe5 d4 23. Nf3 Rc5 24. Nxd4 Nxd4 25. Rxd4 Qf6 26. Rf1 {[%emt 0:10:7] [#]} Rxh5 $1 27. Qxh5 (27. Rd7 Rg5 )Qxd4 $15 {[%emt 0:0:12][%mdl 4096] Endgame. KQR-KQR} 28. Qe2 e5 {[%emt 0:2:4] Black is more active.} 29. Rb1 Rf7 30. Rb3 ({Don't go for} 30. Rd1 $2 Rxf2 31. Qxf2 Qxd1+ 32. Kh2 Qd4 $19 )e4 31. Re3 Re7 32. Qc2 Re5 33. Qb3 Kh7 34. Qxb7 Qxc4 35. Rg3 $2 {[%emt 0:2:27][%mdl 8192] This move loses the game for White.} (35. Qb1 $15 )Qc1+ $19 ({Inferior is} 35... Qxa2 36. Qxg7# )36. Kh2 Rh5+ 37. Rh3 Qf4+ 38. Kg1 {[%emt 0:0:9] [#]} Rb5 $1 39. Qxa6 Rb1+ 40. Qf1 Rxf1+ 41. Kxf1 {[%emt 0:50:8] KQ-KR} Qc1+ 42. Ke2 Qc2+ 43. Ke1 Qb1+ 44. Ke2 Qxa2+ 45. Ke1 Qb1+ 46. Ke2 Qg1 47. Rg3 g5 48. f3 e3 {[%emt 0:0:35] Weighted Error Value: White=0.52/Black=0.15 (very precise) .  Loses game:     	White=1     	---        Missed win:     	---       	Black=1      Mistake:       	White=3     	Black=1      Inaccurate:     	White=7     	Black=2      OK:         	White=5     	Black=11     Best:        	White=1     	Black=2} 0-1

[Event "57th Biel Festival MTO 2024"]
[White "Razafindratsima,Timothe"]
[Black "Gemelli,Romain"]
[Site "Biel"]
[Round "1.25"]
[Annotator "RC"]
[Result "1/2-1/2"]
[Date "2024.07.15"]
[WhiteElo "2445"]
[BlackElo "2101"]
[PlyCount "131"]
[TimeControl "60"]

1. e4 e5 2. Nf3 Nc6 3. Bb5 a6 4. Ba4 Nf6 5. O-O b5 6. Bb3 Bc5 7. c3 d6 8. d4 Bb6 9. Re1 O-O 10. Bg5 h6 11. Bh4 exd4 12. Bd5 Bd7 13. cxd4 g5 14. Bxc6 Bxc6 15. Qc1 Bb7 16. Nxg5 Nxe4 17. Nf3 Qd7 18. Qxh6 f5 19. Nc3 Qg7 20. Qxg7+ Kxg7 21. a4 Rae8 22. a5 Ba7 23. Bg5 c5 24. Rad1 Nxg5 25. Nxg5 cxd4 26. Ne2 Re5 27. Nf3 Bxf3 28. gxf3 Rfe8 29. Kf1 Bc5 30. Nf4 Rxe1+ 31. Rxe1 Rxe1+ 32. Kxe1 Bb4+ 33. Ke2 Bxa5 34. Kd3 Be1 35. Ne6+ Kf6 36. Nc7 Bxf2 37. Nxa6 Ke5 38. Nb4 Bh4 39. Ke2 Bf6 40. b3 Bh4 41. Nc2 Kd5 42. Kd3 Bf2 43. f4 Kc5 44. b4+ Kd5 45. h3 Bg3 46. Nxd4 Bxf4 47. h4 Be5 48. Nxb5 f4 49. Nc3+ Kc6 50. h5 f3 51. Nd1 Kb5 52. Ke4 Kxb4 53. h6 Kc5 54. Nf2 Bh8 55. Ng4 d5+ 56. Kxf3 Kd6 57. Kf4 d4 58. Kf5 d3 59. Nf2 Ke7 60. Nxd3 Kf7 61. Nc5 Bg7 62. h7 Bd4 63. Ne6 Bc3 64. Nc7 Kg7 65. Nd5 Kxh7 66. Nxc3 1/2-1/2

[Event "57th Biel Festival MTO 2024"]
[White "Kaiser,Elmar"]
[Black "Fromm,Marius"]
[Site "Biel"]
[Round "1.26"]
[Annotator "TA"]
[Result "0-1"]
[Date "2024.07.15"]
[WhiteElo "2116"]
[BlackElo "2465"]
[PlyCount "94"]
[TimeControl "60"]

1. e4 c5 2. Nf3 e6 3. d4 cxd4 4. Nxd4 Nf6 5. Nc3 Nc6 6. Ndb5 Bc5 7. Bf4 (7. Nd6+ {hält die Spannung aufrecht.} Ke7 8. Bf4 e5 9. Nf5+ )O-O 8. Bc7 Qe7 {[%emt 0:0:6] [#] Und jetzt ...d5 wäre schön.} 9. Bd6 $1 Bxd6 {[%emt 0:0:5] Weiß steht etwas besser.} 10. Qxd6 Qd8 (10... Ne8 $11 {ist überlegen.} 11. Qxe7 Nxe7 )11. Be2 (11. Nc7 $5 Ne8 12. Nxe8 Rxe8 13. Bc4 $14 )a6 12. Nd4 Ne7 13. O-O-O b5 14. g4 Ne8 15. Qg3 b4 $1 16. Nb1 Bb7 17. Nd2 Rc8 (17... Nf6 $15 {ist eher angebracht.} )18. Kb1 d6 19. h4 Qc7 20. Bd3 a5 21. Rc1 (21. h5 {ist interessant.} a4 22. g5 Qc5 23. h6 )a4 22. c4 Qc5 23. Qe3 Nf6 $36 {[%emt 0:2:11][%mdl 2048] Weiss muss aufpassen.} 24. f3 e5 25. Nc2 Qa5 26. Qe1 (26. Nf1 $15 )Nc6 $17 {[%emt 0:2:2] Schwarz steht aktiver.} 27. Ne3 Nd7 28. Nf5 Nc5 29. Qe3 Rc7 30. Be2 Rd8 31. Nf1 Ne6 (31... Bc8 {scheint wilder zu sein.} 32. h5 Nb3 33. Rd1 Nbd4 )32. N1g3 Qc5 33. Qd2 Ncd4 (33... Bc8 $17 )34. Nh5 ({Günstiger ist} 34. Nxd4 $15 Nxd4 35. Nf5 )f6 35. Ne3 (35. Rhd1 $17 )Qb6 {[%emt 0:4:17][%cal Od4b3] Weiss muss nun ...Nb3! beachten.} 36. Nd5 $2 {[%emt 0:1:9][%mdl 8192] Verliert die Partie.} (36. Nf5 $17 )Bxd5 $19 37. exd5 Nc5 {[%emt 0:0:25] Hervorragende Reitkunst.} 38. Qe3 (38. Qd1 $142 Qa6 39. Nf4 )Ra8 {[%emt 0:4:4] ...a3 wäre nun fies.} 39. Bd3 a3 {[%emt 0:1:49] Droht stark ...b3.} 40. b3 {[%emt 0:1:57] [#]} Ndxb3 $1 41. axb3 a2+ 42. Kc2 Ra3 43. Bf5 Rxb3 44. Qg1 Rc3+ 45. Kb2 Qa5 {[%emt 0:0:30] Schwarz setzt Matt.} 46. Rxc3 bxc3+ 47. Kc2 Rb7 {[%emt 0:0:3] Gewichteter Fehlerwert: Weiß=1.01/Schwarz=0.13 (sehr präzise) .  Verlustzug:     	Weiß=1     	---        Fehler:       	Weiß=4     	Schwarz=3     Ungenau:       	Weiß=9     	Schwarz=1     OK:         	Weiß=13    	Schwarz=13    Bester:       	---       	Schwarz=1     Stark:        	Weiß=1     	Schwarz=1} 0-1

[Event "57th Biel Festival MTO 2024"]
[White "Saraci,Nderim"]
[Black "Smirnov,Mark"]
[Site "Biel"]
[Round "1.27"]
[Annotator "TA"]
[Result "0-1"]
[Date "2024.07.15"]
[WhiteElo "2449"]
[BlackElo "2203"]
[PlyCount "48"]
[TimeControl "60"]

1. Nf3 Nf6 2. d4 e6 3. c4 d5 4. g3 Bb4+ 5. Bd2 Be7 6. Bg2 O-O 7. O-O c6 8. Qc2 Nbd7 9. b3 b6 10. Nc3 Ba6 11. e4 dxc4 12. bxc4 {[%emt 0:2:15] The position is equal.} Bxc4 13. Rfd1 b5 14. Bf4 b4 15. Nb1 (15. Nd2 $15 Ba6 16. Na4 )Bb5 $17 16. a4 {[%emt 0:1:10] [#]} Ba6 17. Nbd2 c5 18. d5 $2 exd5 $19 19. exd5 Nxd5 20. Ne5 (20. Qf5 {was called for.} Nxf4 21. Qxf4 )Nxf4 21. gxf4 Nxe5 22. Bxa8 (22. fxe5 $142 Rb8 23. Nc4 )Bd3 {[%emt 0:5:47] White is weak on the dark squares. Black is clearly winning.} 23. Qb2 Ng6 24. Qb3 c4 {[%emt 0:2:56] Black took control after the opening.   Weighted Error Value: White=0.72/Black=0.01 (flawless) .  Loses game:     	White=1     	---        Mistake:       	White=3     	---        Inaccurate:     	White=2     	Black=1      OK:         	White=2     	Black=7      Best:        	White=1     	Black=4} 0-1

[Event "57th Biel Festival MTO 2024"]
[White "Erne,Raphael"]
[Black "Petkidis,Anthony"]
[Site "Biel"]
[Round "1.28"]
[Annotator "TA"]
[Result "1/2-1/2"]
[Date "2024.07.15"]
[WhiteElo "2102"]
[BlackElo "2427"]
[PlyCount "62"]
[TimeControl "60"]

1. c4 Nf6 2. g3 e6 3. Bg2 d5 4. Nf3 Be7 5. d4 O-O 6. Qc2 a5 7. O-O Nc6 8. a3 a4 {[%emt 0:2:4] White is slightly better.} 9. cxd5 exd5 10. Nc3 {[%emt 0:0:19][%cal Oc1f4] Prevents Ne4} Bd7 11. Bf4 ({Of course not} 11. Nxa4 Nxd4 12. Nxd4 Bxa4 $11 )Qc8 12. Rac1 ({But not} 12. Nxa4 Nxd4 13. Nxd4 Rxa4 $11 )Nd8 13. Ne5 (13. Bg5 $16 {Threatens to win with Bxf6.} c6 14. Qd1 (14. Nxa4 Bf5 $16 ))Ra5 14. Qd2 {[%emt 0:17:59] White is much more active. The black rooks are passive.} (14. Bd2 $16 )Ne6 {[%emt 0:18:34] [#]} 15. Ne4 Nxf4 $11 {[%emt 0:5:22] The position is equal.} 16. Nxf6+ Bxf6 17. Qxf4 Be6 18. Nd3 c6 19. Qd2 Ra7 20. e3 Bh3 21. Qb4 Bxg2 22. Kxg2 Re8 23. Nc5 Be7 24. Qd2 Bd6 25. Qc2 Bxc5 26. Qxc5 Ra8 27. Qc2 Re4 28. Qd2 Re6 29. h4 Rf6 30. Rc5 h5 31. Ra5 g6 {[%emt 0:4:51] Weighted Error Value: White=0.10 (very precise) /Black=0.10 (very precise) .  Mistake:       	White=3     	---        Inaccurate:     	---       	Black=2      OK:         	White=10    	Black=6      Best:        	White=1     	---} 1/2-1/2

[Event "57th Biel Festival MTO 2024"]
[White "Amartuvshin,Ganzorig"]
[Black "Altantuya,Boldbaatar"]
[Site "Biel"]
[Round "1.29"]
[Annotator "TA"]
[Result "1-0"]
[Date "2024.07.15"]
[WhiteElo "2411"]
[BlackElo "2107"]
[PlyCount "103"]
[TimeControl "60"]

1. d4 Nf6 2. c4 e6 3. Nf3 b6 4. g3 Bb7 5. Bg2 Be7 6. O-O O-O 7. Nc3 Ne4 8. Bd2 d5 9. cxd5 exd5 10. Rc1 Nd7 11. Bf4 c5 12. dxc5 {[%emt 0:1:13] aiming for c6.} Nxc3 13. Rxc3 {[%emt 0:0:27] c6 would now be deadly.} bxc5 14. Ne5 {[%emt 0:3:56] The position is equal.} g5 15. Nxd7 Qxd7 16. Bc1 d4 17. Bxb7 Qxb7 18. Rc2 a5 19. Qd3 Qa6 20. Rc4 Qg6 21. Qd1 Qe6 22. Qd3 Qg6 23. b3 a4 24. bxa4 (24. Rxa4 Rxa4 25. bxa4 Ra8 $15 )Ra6 25. Qb3 Qh5 26. f3 Rh6 27. Rf2 Bd6 28. Rg2 Rb8 29. Qd3 Re6 30. a5 Be7 31. Rf2 Qg6 32. Kg2 Ra6 33. Bd2 Rb2 34. e4 g4 (34... Rxa2 $6 35. Qb3 Ra1 36. Qb2 $16 )35. f4 Rxa2 36. Qb1 Ra3 37. f5 {[%emt 0:1:0] Wards off Qe6} (37. Qb8+ Bf8 38. f5 Qc6 )Qc6 38. Qb8+ Kg7 39. Qe5+ Bf6 40. Qf4 h5 (40... Ra8 $1 $11 {remains equal.} )41. h3 (41. Rc1 $16 )gxh3+ 42. Kh2 {[%emt 0:0:32][%cal Oe4e5] Chess con chili.} Ra1 $2 (42... h4 $1 $11 {and Black stays safe.} 43. gxh4 Qd6 44. Qxd6 Rxd6 )43. Kxh3 $2 ({White must play} 43. Rc1 $1 $18 Rxc1 44. Bxc1 )Kg8 44. Qb8+ Kg7 45. Re2 d3 46. Rf2 Bd4 $2 {[%emt 0:0:0][%mdl 8192] [#]} (46... Qd6 $11 {and Black is okay.} 47. Qxd6 Rxd6 )47. Rxd4 $1 $18 cxd4 {[%emt 0:0:0] [#]} 48. f6+ $1 Kh7 49. Qf4 {[%emt 0:0:0] Threatening mate with Qh6+.} Qe6+ 50. Kh2 {[%emt 0:0:0] White threatens Qh6+ and mate.} Qg4 51. Qh6+ Kg8 {[%emt 0:0:0][%cal Oa1a2] Strongly threatening ...Ra2!} 52. Bg5 {[%emt 0:0:0] Weighted Error Value: White=0.12 (very precise) /Black=0.31.  Loses game:     	---       	Black=2      Missed win:     	White=1     	Black=1      Mistake:       	White=1     	Black=1      Inaccurate:     	White=4     	Black=5      OK:         	White=16    	Black=15     Best:        	White=3     	Black=2      Strong:       	White=2     	---} 1-0

[Event "57th Biel Festival MTO 2024"]
[White "Lyutsinger,Iren"]
[Black "Gan-Erdene,Sugar"]
[Site "Biel"]
[Round "1.30"]
[Annotator "TA"]
[Result "0-1"]
[Date "2024.07.15"]
[WhiteElo "2069"]
[BlackElo "2424"]
[PlyCount "102"]
[TimeControl "60"]

1. e4 c5 2. Nf3 e6 3. d4 cxd4 4. Nxd4 Nc6 5. Nc3 Qc7 6. Nxc6 bxc6 7. Bd3 Bd6 8. h3 Ne7 9. O-O Ng6 {[%emt 0:0:18] The position is equal.} 10. Ne2 O-O 11. Be3 c5 12. c4 Bb7 13. f4 f5 14. Qc2 Rae8 {[%emt 0:1:52] Black wants to play ...e5.} 15. Rae1 (15. Rad1 $1 $11 )e5 $17 16. Nc3 (16. exf5 $15 Nh4 17. Be4 exf4 18. Bxb7 Rxe3 (18... fxe3 19. Be4 $11 )(18... Qxb7 19. Nxf4 Nxf5 20. Nd5 $11 )19. Be4 )exf4 $19 ({Don't play} 16... Nxf4 17. Rd1 $17 )17. exf5 Nh4 $1 18. Nb5 Qc6 19. Nxd6 Qxd6 20. Bxf4 Qd4+ (20... Nf3+ 21. gxf3 Qxf4 22. Be4 Bxe4 23. fxe4 $11 )21. Qf2 {[%emt 0:0:45] [#] aiming for Rxe8.} Rxe1 ({Not} 21... Qxd3 22. Qxh4 Qxf5 23. Be5 $11 )22. Rxe1 {[%emt 0:0:30] [#] Qxd4 would now be deadly.} Qxf2+ 23. Kxf2 {[%emt 0:0:4] And now Bd6 would win.} Nxg2 24. Bd6 Nxe1 25. Kxe1 {[%emt 0:0:6][%mdl 4096] Endgame. KRB-KB} Rc8 26. Kf2 Kf7 27. Ke3 Rc6 28. Bb8 (28. Bf4 $142 )Rh6 29. Bf1 Ra6 30. a3 d6 31. Bd3 Ke7 32. b4 Rxa3 33. bxc5 dxc5 34. Be5 Bg2 {[%emt 0:0:53] Strongly threatening ...Bf1.} 35. Kd2 Kf7 36. Bd6 Ra5 37. h4 Kf6 38. Ke3 Bc6 39. Kf4 Ra3 40. Ke3 Ra5 41. Kf4 $1 Ra4 ({Resist} 41... Ra3 42. Ke3 $19 )42. Ke3 Bd7 43. Bxc5 Bxf5 44. Bd4+ Ke6 {[%emt 0:0:8] Black is clearly winning.} 45. Be2 g6 46. c5 Ra3+ 47. Kf4 Kd5 {[%emt 0:0:37] Prevents Bc4+.} 48. Be3 Ra4+ 49. Kg5 Ke5 50. Bf2 Ra2 51. Bg3+ Kd5 {[%emt 0:0:13] Weighted Error Value: White=0.25 (precise) /Black=0.18 (very precise) .  Mistake:       	White=3     	---        Inaccurate:     	White=1     	---        OK:         	White=16    	Black=27     Best:        	White=5     	Black=3      Strong:       	White=1     	---} 0-1

[Event "57th Biel Festival MTO 2024"]
[White "Juksta,Karolis"]
[Black "Coles,Robin"]
[Site "Biel"]
[Round "1.31"]
[Annotator "TA"]
[Result "1-0"]
[Date "2024.07.15"]
[WhiteElo "2400"]
[BlackElo "2084"]
[PlyCount "73"]
[TimeControl "60"]

1. d4 d5 2. c4 e6 3. Nc3 Nf6 4. Nf3 dxc4 5. e4 b5 6. e5 $14 Nd5 7. Nxb5 Nb6 8. Be2 {[%emt 0:1:3] Weiß steht etwas besser.} Nc6 9. Be3 Bb7 10. a3 Qd7 11. Nc3 Be7 12. Qc2 Na5 13. Rd1 O-O-O 14. O-O f5 (14... Qc6 $1 $11 {bleibt in der Remisbreite.} )15. exf6 (15. Nd2 $16 )gxf6 $11 16. Nd2 Rhg8 17. Bf3 (17. Qxh7 Rxg2+ 18. Kh1 Bd6 (18... Rxf2+ $2 19. Nf3 $19 )(18... Rg7+ $2 19. Qe4 $19 )(18... Rxh2+ $2 19. Kxh2 Bd6+ 20. f4 $19 )19. Qxd7+ Rxd7 )Nd5 18. Nxd5 (18. Qxh7 $6 f5 $11 )Bxd5 19. g3 (19. Qxh7 f5 20. Bxd5 Qxd5 $16 )Qc6 {[%emt 0:16:53] Weiß verwandelt nun seinen Vorteil.} (19... h5 $14 )20. Bxd5 exd5 (20... Qxd5 $16 {ist wohl besser.} 21. Qxh7 Rge8 )21. Bf4 (21. Qxh7 $6 Qd7 $16 )Nb7 22. b3 Bd6 23. bxc4 {[%emt 0:5:43] Zielt auf Be3 ab.} dxc4 (23... Bxf4 {kämpft weiter.} 24. Qf5+ (24. Qxh7 Bxd2 25. Rxd2 dxc4 $17 )Rd7 )24. d5 Qa6 25. Nxc4 (25. Qxc4 Qxc4 (25... Qxa3 $2 {zu gefräßig.} 26. Ne4 $18 )26. Nxc4 Bxf4 $15 )Bxf4 26. Qf5+ Kb8 27. Qxf4 h5 28. Ne3 {[%emt 0:8:36] Lässt Rg4 nicht zu} Qxa3 $2 {[%emt 0:5:20] [#]} (28... Ka8 29. Qxc7 h4 )29. Ra1 $18 {[%emt 0:2:33] Weiß steht klar auf Gewinn.} Qd6 30. Qa4 a6 31. Rfc1 a5 32. Qc6 Ka7 {[%emt 0:1:54] Schwarz ist schwach auf den weissen Feldern} 33. Rcb1 Rb8 34. Rb5 (34. Rxb7+ $142 Rxb7 35. Rxa5+ Kb8 36. Qa4 )Qxc6 35. dxc6 {[%emt 0:0:2][%cal Oe3d5] [#] Droht Matt per Nd5!} Rg5 36. Rxg5 fxg5 37. cxb7 {[%emt 0:0:5] Gewichteter Fehlerwert: Weiß=0.30/Schwarz=0.29 (präzise) .  Fehler:       	Weiß=1     	Schwarz=5     Ungenau:       	Weiß=2     	Schwarz=3     OK:         	Weiß=9     	Schwarz=7     Bester:       	Weiß=2     	Schwarz=1} 1-0

[Event "57th Biel Festival MTO 2024"]
[White "Kuandykuly,Danis"]
[Black "Tahay,Alexis"]
[Site "Biel"]
[Round "1.32"]
[Annotator "RC"]
[Result "0-1"]
[Date "2024.07.15"]
[WhiteElo "1989"]
[BlackElo "2375"]
[PlyCount "156"]
[TimeControl "60"]

1. e4 c5 2. Nf3 d6 3. d4 cxd4 4. Nxd4 Nf6 5. Nc3 Nc6 6. Bg5 e6 7. Qd2 Qb6 8. Nb3 a6 9. O-O-O Be7 10. f4 O-O 11. Be2 Rd8 12. g4 d5 13. e5 Ne4 14. Nxe4 dxe4 15. Qc3 Bxg5 16. fxg5 Bd7 17. Nc5 Nb4 18. Kb1 Bc6 19. Rd6 Nd5 20. Qa3 Nf4 21. Bc4 Ng6 22. Rhd1 Nxe5 23. Be2 Rxd6 24. Rxd6 Qc7 25. Nxa6 bxa6 26. Qc5 f6 27. gxf6 gxf6 28. g5 Rd8 29. Rxd8+ Qxd8 30. gxf6 Qxf6 31. a4 Bxa4 32. Qc8+ Kg7 33. Qxa6 Bc6 34. Qa7+ Nf7 35. Qc7 Qf2 36. Bh5 Bd5 37. b3 Qf1+ 38. Ka2 Qf5 39. Bxf7 Qxf7 40. Qe5+ Qf6 41. Qg3+ Kf7 42. c4 Bb7 43. Qc7+ Qe7 44. Qf4+ Kg6 45. Qg4+ Qg5 46. Qxe6+ Qf6 47. Qg4+ Kf7 48. Qd7+ Qe7 49. Qf5+ Ke8 50. Qb5+ Kd8 51. Qb6+ Kc8 52. Qe3 Bc6 53. Kb2 Qe5+ 54. Ka3 Qxh2 55. b4 Qd6 56. Qh3+ Qd7 57. Qh6 Qd3+ 58. Kb2 Qxc4 59. Qxh7 Qxb4+ 60. Ka1 Qa5+ 61. Kb2 Qb5+ 62. Kc1 Qc5+ 63. Kb2 e3 64. Qg8+ Kb7 65. Qf7+ Ka6 66. Qa2+ Kb6 67. Qb3+ Qb5 68. Kc1 e2 69. Qg3 Qd5 70. Qe1 Bb5 71. Kb2 Qd4+ 72. Ka3 Qe3+ 73. Kb2 Kc5 74. Ka2 Bc4+ 75. Kb2 Qb3+ 76. Kc1 Qa3+ 77. Kc2 Bd3+ 78. Kd2 Qa5+ 0-1